 Dungeon Crawl Stone Soup version 0.16.2-12-gd0ad4c3 (webtiles) character file.

111 Gartch the Digger (level 4, -1/24 HPs)
             Began as a Gargoyle Earth Elementalist on Oct 24, 2015.
             Slain by a worker ant (5 damage)
             ... on level 4 of the Dungeon.
             The game lasted 00:25:06 (3245 turns).

Gartch the Digger (Gargoyle Earth Elementalist)     Turns: 3245, Time: 00:25:06

Health: -1/24      AC:  9    Str: 11    XL:     4   Next: 92%
Magic:  1/9        EV: 12    Int: 17    God:
Gold:   125        SH:  0    Dex: 10    Spells: 3 memorised, 3 levels left

rFire  . . .     SeeInvis .     p - +0 mace (curse)
rCold  . . .     Clarity  .     c - +0 robe
rNeg   + . .     SustAb   .     (no shield)
rPois  ∞         Gourm    .     (no helmet)
rElec  +         Spirit   .     j - +0 cloak
rCorr  .         Warding  .     (no gloves)
rMut   .         Stasis   .     (no boots)
MR     .....                    (no amulet)
Stlth  ++........               (no ring)
                                (no ring)

@: stone skin, not resistant to hostile enchantments, unstealthy
A: negative energy resistance 1, electricity resistance, unbreathing,
petrification resistance, rot immunity, AC +3
a: no special abilities


You were on level 4 of the Dungeon.
You were not hungry.

You visited 1 branch of the dungeon, and saw 5 of its levels.

You collected 125 gold pieces.

Inventory:

Hand weapons
 m - a -1 spear
 o - a +0 dagger
 p - a cursed +0 mace (weapon)
 r - a +0 quarterstaff
 y - a +0 short sword of flaming
Missiles
 b - 96 stones (quivered)
Armour
 c - a +0 robe (worn)
 j - a +0 cloak (worn)
Magical devices
 x - a wand of digging (4)
Scrolls
 s - a scroll of noise {unknown}
 u - a scroll of enchant armour {unknown}
 w - a scroll of magic mapping {unknown}
Potions
 e - a potion of cancellation {unknown}
 f - a potion of degeneration
 i - a potion of magic {unknown}
 k - a potion of flight {unknown}
 n - a potion of curing {unknown}
 q - a potion of brilliance {unknown}
 t - a potion of haste {unknown}
 v - 2 potions of invisibility {unknown}
 A - a potion of might {unknown}
Books
 d - a book of Geomancy

   Spells                             Type                      Level
   a - Sandblast                      Earth                        1
   b - Stoneskin                      Transmutation/Earth          2
   c - Passwall                       Transmutation/Earth          3
   d - Stone Arrow                    Conjuration/Earth            3
   e - Petrify                        Transmutation/Earth          4
   f - Lee's Rapid Deconstruction     Earth                        5
Comestibles
 a - 3 bread rations
 g - 2 meat rations
 h - a slice of pizza
 l - a fruit
 z - 2 chunks of flesh


   Skills:
 - Level 1.5 Dodging
 - Level 2.1 Stealth
 * Level 3.4 Spellcasting
 + Level 1.5 Conjurations
 - Level 0.7 Transmutations
 + Level 4.8 Earth Magic


You had 3 spell levels left.
You knew the following spells:

 Your Spells              Type           Power        Failure   Level  Hunger
a - Sandblast             Erth           ###...       2%          1    None
b - Stoneskin             Trmt/Erth      ##......     10%         2    ##.....
c - Stone Arrow           Conj/Erth      ##....       14%         3    ###....


Dungeon Overview and Level Annotations

Branches:
Dungeon (5/15)
 Temple: D:4-7

Altars:
Gozag
Makhleb
Sif Muna

Shops:
D:4 *

Annotations:
D:2 Robin
D:4 Sigmund


Innate Abilities, Weirdness & Mutations

You are resistant to torment.
You are immune to poison.
Your stone body is very resilient (AC +3).
You resist negative energy.
You are resistant to electric shocks.
You can survive without breathing.
You are immune to petrification.
You are immune to rotting.


Message History

The worker ant is almost dead.
The worker ant bites you but does no damage.
Casting: Sandblast
Confirm with . or Enter, or press ? or * to list all spells.
Aiming: Sandblast
Press: ? - help, Shift-Dir - straight line, f/p - worker ant
Aim: a worker ant (almost dead)
The blast of sand hits the worker ant.
The worker ant is almost dead.
The worker ant waves its antennae.
The worker ant barely misses you.
Casting: Sandblast
Confirm with . or Enter, or press ? or * to list all spells.
Aiming: Sandblast
Press: ? - help, Shift-Dir - straight line, f/p - worker ant
Aim: a worker ant (almost dead)
The blast of sand hits the worker ant.
The worker ant is almost dead.
The worker ant barely misses you. The worker ant bites you.
You die...

#. ####. #.... ##
....##. # .. #. #.#
##.#########
.ooo..o..
....#.......g.g#
##o#######
#.(..###...#a# #...#
# #(.......#@# #...#
# #[.....###.>.#.#
#...# # #####.#
##.##.# #...###### #.
#.##.# #...#..... a
#..#.#######?..#.####
.#
##.#.#...............
.#
.#.................
.###...............
.# #######...#.####


You could see a worker ant and a hobgoblin.

Vanquished Creatures
  A worker ant (D:4)
  A gnoll (D:3)
  3 adders
  2 giant geckos
  An orc (D:3)
  2 ball pythons (D:1)
  A giant cockroach (D:2)
  6 goblins
  6 hobgoblins
  3 jackals (D:1)
  9 kobolds
  2 quokkas (D:2)
  3 bats
  3 giant newts
  8 rats
51 creatures vanquished.

Notes
Turn   | Place    | Note
--------------------------------------------------------------
     0 | D:1      | Gartch, the Gargoyle Earth Elementalist, began the quest for the Orb.
     0 | D:1      | Reached XP level 1. HP: 10/10 MP: 3/3
   422 | D:1      | Reached XP level 2. HP: 4/15 MP: 0/5
  1074 | D:1      | Reached skill level 4 in Earth Magic
  1295 | D:2      | Reached XP level 3. HP: 16/19 MP: 0/6
  1351 | D:2      | Learned a level 3 spell: Stone Arrow
  1515 | D:2      | Found a burning altar of Makhleb.
  1657 | D:2      | Learned a level 2 spell: Stoneskin
  1854 | D:2      | Found a deep blue altar of Sif Muna.
  1977 | D:2      | Noticed Robin
  2145 | D:2      | Reached skill level 1 in Conjurations
  2478 | D:3      | Reached XP level 4. HP: 24/24 MP: 7/9
  2926 | D:4      | Found Gozag's Platinum Reserve.
  2934 | D:4      | Found an opulent altar of Gozag.
  3090 | D:4      | Noticed Sigmund
  3225 | D:5      | Entered Level 5 of the Dungeon
  3245 | D:4      | Slain by a worker ant

Action                   |  1- 3 |  4- 6 || total
-------------------------+-------+-------++-------
Melee: Unarmed           |    14 |       ||    14
       Spear             |     5 |       ||     5
       Mace              |    35 |    22 ||    57
Throw: Stone             |    31 |    16 ||    47
 Cast: Sandblast         |    58 |    34 ||    92
       Stoneskin         |       |     4 ||     4
  Use: Scroll            |     3 |       ||     3
 Stab: Sleeping          |     1 |       ||     1
  Eat: Chunk             |     4 |     4 ||     8
